 Dungeon Crawl Stone Soup version 0.25-a0-875-geaba134f46 (webtiles) character file.

Game seed: 3670418820809332520, levelgen mode: classic

59 EnegeticOcto the Skirmisher (level 4, 0/31 HPs)
             Began as an Octopode Fighter on May 1, 2020.
             Succumbed to an adder's poison
             ... on level 2 of the Dungeon.
             The game lasted 00:00:39 (1258 turns).

EnegeticOcto the Skirmisher (Octopode Fighter)      Turns: 1258, Time: 00:00:40

Health: 0/31       AC:  1    Str: 16    XL:     4   Next: 3%
Magic:  4/4        EV:  9    Int: 10    God:
Gold:   117        SH:  9    Dex: 11    Spells: 3/3 levels left

rFire    . . .     SeeInvis .   a - +0 long sword
rCold    . . .     Gourm    .   b - +0 kite shield
rNeg     . . .     Faith    .   (helmet restricted)
rPois    .         Spirit   .   (no amulet)
rElec    .         Reflect  .   i - -2 ring of evasion (curse)
rCorr    .         Harm     .   l - -5 ring of slaying (curse)
MR       .....                  (no ring)
Stlth    ++........             (no ring)
HPRegen  0.10/turn              (no ring)
MPRegen  0.09/turn              (no ring)
                                (no ring)
                                (no ring)

@: lethally poisoned (0 -> -19)
A: almost no armour, stealthy swim, amphibious, 8 rings, constrict 8, camouflage
1, gelatinous body 1
a: no special abilities


You were on level 2 of the Dungeon.
You were not hungry.

You visited 1 branch of the dungeon, and saw 2 of its levels.

You collected 117 gold pieces.

Inventory:

Hand Weapons
 a - a +0 long sword (weapon)
Armour
 b - a +0 kite shield (worn)
Jewellery
 i - a cursed -2 ring of evasion (left tentacle)
 l - a cursed -5 ring of slaying (right tentacle)
Scrolls
 c - a scroll of random uselessness {unknown}
 g - 3 scrolls of fog
 h - a scroll of teleportation {unknown}
Potions
 f - a potion of curing {unknown}
 j - a potion of stabbing {unknown}
 k - 2 potions of might {@q3}
Comestibles
 d - 4 chunks of flesh
 e - 4 rations


   Skills:
 + Level 3.5 Fighting
 * Level 3.3 Long Blades
 - Level 3.0 Dodging
 + Level 3.4 Shields


You had 3 spell levels left.
You didn't know any spells.
Your spell library was empty.

Dungeon Overview and Level Annotations

Branches:
Dungeon (2/15)

Altars:


Innate Abilities, Weirdness & Mutations

You cannot wear most types of armour.
You are very stealthy in the water. (Stealth+)
You are amphibious.
You can wear up to eight rings at the same time.
You can use your tentacles to constrict eight enemies at once.
Your skin changes colour to match your surroundings (Stealth+).
Your rubbery body absorbs attacks. (AC +1, EV +1)


Message History

No target in view!
No target in view!
No target in view!
No target in view!
Found a stone staircase leading down.
You now have 117 gold pieces (gained 12).
Some of the chunks of flesh in your inventory have rotted away.
There is a stone staircase leading down here.
A hobgoblin comes into view. It is wielding a +0 club.
A hobgoblin is nearby!
A hobgoblin is nearby!
A hobgoblin is nearby!
The helpless hobgoblin fails to defend itself.
You hit the hobgoblin. You grab the hobgoblin.
The hobgoblin is moderately wounded.
You constrict the hobgoblin. The hobgoblin closely misses you.
You hit the hobgoblin but do no damage.
The hobgoblin is almost dead.
You constrict the hobgoblin.
You kill the hobgoblin!
No target in view!
No target in view!
No target in view!
No target in view!
No target in view!
No target in view!
No target in view!
No target in view!
No target in view!
No target in view!
A leopard gecko and an adder come into view.
You see here a garnet ring.
There are monsters nearby!
l - a garnet ring Oops, that ring feels deathly cold.
l - a cursed -5 ring of slaying (right tentacle)
The leopard gecko hisses angrily.
A goblin comes into view. It is wielding a +0 dagger.
The leopard gecko barely misses you.
You hit the leopard gecko.
You kill the leopard gecko!
You hit the goblin but do no damage. Your grab misses the goblin.
Your squeeze misses the goblin. The goblin hits you with a +0 dagger.
You barely miss the goblin. Your grab misses the goblin.
The goblin hits you but does no damage.
You completely miss the goblin. Your grab misses the goblin.
You squeeze the goblin.
The goblin is heavily wounded.
The goblin barely misses you.
You closely miss the goblin. You grab the goblin.
The goblin is heavily wounded.
You constrict the goblin.
You kill the goblin!
The adder bites you.
You are poisoned.
The adder poisons you! The adder bites you.
You miss the adder. Your grab misses the adder.
You feel sick. The adder barely misses you. The adder bites you.
You are more poisoned.
The adder poisons you!
You hit the adder. Your grab misses the adder.
The adder is lightly wounded.
You feel sick. You block the adder's attack. The adder barely misses you.
You barely miss the adder. Your grab misses the adder.
The adder is lightly wounded.
You feel sick. The adder bites you.
You are lethally poisoned!
The adder poisons you!
You are too injured to fight recklessly!
You are too injured to fight recklessly!
You are too injured to fight recklessly!
You are too injured to fight recklessly!
You are too injured to fight recklessly!
You are too injured to fight recklessly!
You are too injured to fight recklessly!
You are too injured to fight recklessly!
You hit the adder but do no damage. Your grab misses the adder.
Your squeeze misses the adder.
The adder is lightly wounded.
You feel sick. You block the adder's attack. The adder barely misses you.
You barely miss the adder. You grab the adder.
The adder is lightly wounded.
You constrict the adder.
* * * LOW HITPOINT WARNING * * *
You feel sick. The adder bites you.
* * * LOW HITPOINT WARNING * * *
You are more poisoned.
The adder poisons you! The adder closely misses you.
You hit the adder.
The adder is moderately wounded.
You constrict the adder.
* * * LOW HITPOINT WARNING * * *
You feel sick. The adder bites you.
* * * LOW HITPOINT WARNING * * *
You are more poisoned.
The adder poisons you! You block the adder's attack.
You hit the adder.
You kill the adder!
You have reached level 4!
You die...

*,,,,,,,,**,****#,,**#.*
###..##
******,*.##,*##,,,,**..* ##..#
*****,,*....*#.,..#**.#* ##.#
**,,,*,,,....##.,#.# #.# #.#
*,,,,,,,,,,.....*#.# #.# #..
,,,,,,,,,,,,....*#.# *.# ##.
,,,,,,,,,,,,##..##.###.# #.
,,,,,,,,,,,,#..)...##..# ##
*,,,,,,,,,,*#...@..##.### #
**,,,**,,,,.#...........#######
*********#........##.#.......#
###......##.#######.###
***#..###..).# #.>..
*,....,*#.#### ####.
*.....,*#.# ## *.....,*#.#
*...,,,*#.#


There were no monsters in sight!

Vanquished Creatures
  An adder (D:2)
  An ooze (D:1)
  A dart slug (D:1)
  3 leopard geckos
  A ball python (D:2)
  4 giant cockroaches
  3 goblins
  7 hobgoblins
  5 kobolds (D:1)
  3 bats (D:1)
  A frilled lizard (D:1)
  8 rats (D:1)
38 creatures vanquished.

Notes
Turn   | Place    | Note
-------+----------+-------------------------------------------
     0 | D:1      | EnegeticOcto the Octopode Fighter began the quest for the
                  | Orb.
     0 | D:1      | Reached XP level 1. HP: 16/16 MP: 1/1
   150 | D:1      | Reached XP level 2. HP: 12/21 MP: 2/2
   640 | D:1      | Reached XP level 3. HP: 24/26 MP: 3/3
  1257 | D:2      | HP: 1/26 [adder (3)]
  1258 | D:2      | Reached XP level 4. HP: 2/31 MP: 4/4
  1258 | D:2      | Succumbed to an adder's poison

Levels and vault maps discovered:
D:1:      dpeg_arrival_refuge, layout_loops_corners, minmay_bisected
D:2:      layout_rooms, bh_chokoban

Skill      XL: |  1  2  3 |
---------------+----------+-----
Long Blades    | 3 |  3.3
Fighting       | |  3.5
Dodging        | |  3.0
Shields        | |  3.4

Action                   |  1- 3 |  4- 6 || total
-------------------------+-------+-------++-------
Melee: Long sword        |    77 |       ||    77
       Constrict         |    20 |       ||    20
       Tentacles         |     8 |       ||     8
  Use: Scroll            |     3 |       ||     3
 Stab: Sleeping          |     6 |       ||     6
  Eat: Chunk             |     1 |       ||     1
Armor: Skin              |     4 |       ||     4
Dodge: Dodged            |    27 |       ||    27
Block: Kite shield       |    23 |       ||    23
       Rpst.: Long sword |     9 |       ||     9

Table legend:
 A = Non-vault XP
 B = Vault XP
 C = Vault XP percentage of total XP
 D = Non-vault monster count
 E = Vault monster count
 F = Vault count percentage of total count
                 A         B        C        D         E       F
            +---------+---------+-------+---------+---------+-------
      Total |      77 |       8 |   9.4 |      33 |       5 |  13.2
            +---------+---------+-------+---------+---------+-------
        D:1 |      50 |       8 |  13.8 |      26 |       5 |  16.1
        D:2 |      27 |       0 |   0.0 |       7 |       0 |   0.0
            +---------+---------+-------+---------+---------+-------
